 Dungeon Crawl Stone Soup version 0.27.1 (webtiles) character file.

Game seed: 3048498547727354380

1640 Malachi the Grappler (level 8, 0/65 (67) HPs)
             Began as a Troll Earth Elementalist on Aug 29, 2021.
             Slain by an unseen horror (7 damage)
             ... on level 6 of the Dungeon.
             The game lasted 00:09:37 (4057 turns).

Malachi the Grappler (Troll Earth Elementalist)     Turns: 4057, Time: 00:09:37

HP:   0/65 (67)     AC:  7    Str: 17    XL:     8   Next: 66%
MP:   8/8           EV:  9    Int: 13    God:
Gold: 184           SH:  0    Dex: 10    Spells: 6/9 levels left

rFire    . . .     SeeInvis .     - Unarmed
rCold    . . .     Faith    .   (no shield)
rNeg     . . .     Spirit   .   b - +0 robe
rPois    .         Reflect  .   (helmet restricted)
rElec    .         Harm     .   p - +2 cloak {Stlth+}
rCorr    .         Rampage  .   (gloves unavailable)
Will     .....                  (boots unavailable)
Stlth    ++........             (no amulet)
HPRegen  1.20/turn              (no ring)
MPRegen  0.11/turn              (no ring)

@: lightly drained
A: large, unfitting armour, claws 3, regeneration 1, shaggy fur 1, tough skin 1
a: no special abilities


You were on level 6 of the Dungeon.
You visited 1 branch of the dungeon, and saw 6 of its levels.

You collected 222 gold pieces.
You spent 38 gold pieces at shops.

Inventory:

Hand Weapons
 f - a +2 whip of venom
Missiles
 c - 84 stones
 j - 2 large rocks
 m - 2 throwing nets
Armour
 b - a +0 robe (worn)
 p - a +2 cloak of stealth (worn)
Jewellery
 v - a ring of ice
Scrolls
 i - 4 scrolls of teleportation
 l - a scroll of vulnerability
 o - a scroll of enchant weapon
 q - a scroll of blinking {unknown}
 r - a scroll of magic mapping {unknown}
 w - a scroll of immolation {unknown}
 x - a scroll of torment {unknown}
Potions
 a - 6 potions of curing
 d - 2 potions of attraction
 e - a potion of invisibility {unknown}
 g - 3 potions of brilliance
 h - a potion of flight {unknown}
 k - a potion of heal wounds {unknown}
 n - a potion of mutation {unknown}
 t - a potion of resistance {unknown}
 u - a potion of haste {unknown}


   Skills:
 - Level 1.5 Dodging
 - Level 1.0 Stealth
 * Level 9.0 Unarmed Combat
 - Level 1.2 Spellcasting
 - Level 0.6 Transmutations
 + Level 6.4 Earth Magic


You had 6 spell levels left.
You knew the following spells:

 Your Spells              Type           Power      Damage    Failure   Level
a - Sandblast             Erth           34%        2d9       1%          1
b - Passwall              Tmut/Erth      7%         N/A       10%         2

Your spell library contained the following spells:

 Spells                   Type           Power      Damage    Failure   Level
 Stone Arrow              Conj/Erth      18%        3d8       22%         3
 Magic Dart               Conj           0%         1d3       28%         1
 Searing Ray              Conj           0%         3d3       38%         2
 Petrify                  Tmut/Erth      9%         N/A       54%         4
 Fulminant Prism          Conj/Hex       0%         3d6       95%         4


Dungeon Overview and Level Annotations

Branches:
Dungeon (6/15)             Temple (0/1) D:6

Altars:
Kikubaaqudgha

Shops:
D:4 ?


Innate Abilities, Weirdness & Mutations

You are too large for most types of armour.
You have claws for hands.
Your natural rate of healing is unusually fast.
You are covered in fur. (AC +1)
You have tough skin. (AC +1)


Message History

Something hits you but does no damage. x2; The sky beast flickers out of sight!
Something hits you.
* * * LOW HITPOINT WARNING * * *
Something shocks you.
* * * LOW HITPOINT WARNING * * *
You can't see any enemies this would affect, really read the scroll of fear? [Y]es or [N]o only, please.
You can't see any enemies this would affect, really read the scroll of fear?
Okay, then.
Okay, then.
You feel better. Something hits you.
* * * LOW HITPOINT WARNING * * *
Something hits you.
* * * LOW HITPOINT WARNING * * *
Something shocks you.
* * * LOW HITPOINT WARNING * * *
You can't see any enemies this would affect, really read the scroll of fear?
As you read the scroll of fear, it crumbles to dust.
You assume a fearsome visage.
The wight is unaffected. x3; Something hits you.
* * * LOW HITPOINT WARNING * * *
Something hits you.
* * * LOW HITPOINT WARNING * * *
A sky beast appears from thin air!
Reactivating autopickup.
Something hits you.
* * * LOW HITPOINT WARNING * * *
Deactivating autopickup; reactivate with Ctrl-A.
Something hits you but does no damage.
You miss the sky beast.
The sky beast is almost dead.
Something hits you.
* * * LOW HITPOINT WARNING * * *
Something hits you but does no damage. Something hits you but does no damage.
Something hits you.
* * * LOW HITPOINT WARNING * * *
Something hits you.
* * * LOW HITPOINT WARNING * * *
Something hits you!
You die...

#.# #..####..#
#.# #.# #...#
##... #.# #.#
#....##...#. #.#
#.# #..#.....##
..# #.#
#...#..>.## ###
#.# #.#.##....#
#.# #>(.##...# .
#.#####..#
#..##.#
#.....Y..###@#..#
#######...#{...#
#####..z..##.....
#......####
####.# #.####.#
#.# #z# #z# #.#


You could see a wight.

Vanquished Creatures
  Eustachio (D:6)
  Menkaure (D:6)
  An ice beast (D:4)
  A sky beast (D:6)
  A black bear (D:6)
  2 ogres (D:5)
  A wyvern zombie (D:4)
  2 scorpions
  A water moccasin skeleton (D:5)
  A centaur zombie (D:5)
  A gnoll shaman (D:4)
  A hound (D:6)
  A bullfrog zombie (D:5)
  2 orc priests
  Crazy Yiuf (D:3)
  Jessica (D:3)
  2 orc wizards
  5 iguanas
  A hound zombie (D:5)
  11 gnolls
  6 adders
  A white imp (D:5)
  An adder skeleton (D:4)
  A worm (D:3)
  A dart slug (D:1)
  17 orcs
  2 ball pythons
  9 endoplasms
  9 giant cockroaches
  9 goblins
  6 hobgoblins
  10 jackals
  3 quokkas
  2 bats
  4 frilled lizards
  4 kobolds
  2 rats (D:1)
125 creatures vanquished.

Vanquished Creatures (others)
  A human (D:3)
1 creature vanquished.

Grand Total: 126 creatures vanquished

Notes
Turn   | Place    | Note
-------+----------+-------------------------------------------
     0 | D:1      | Malachi the Troll Earth Elementalist began the quest for
                  | the Orb.
     0 | D:1      | Reached XP level 1. HP: 16/16 MP: 1/1
    70 | D:1      | Reached skill level 1 in Unarmed Combat
    78 | D:1      | Reached XP level 2. HP: 24/24 MP: 2/2
   183 | D:1      | Found a faded altar of an unknown god.
   340 | D:1      | Reached skill level 2 in Unarmed Combat
   431 | D:2      | Reached XP level 3. HP: 31/31 MP: 3/3
   613 | D:2      | Reached skill level 3 in Unarmed Combat
   613 | D:2      | Reached XP level 4. HP: 39/39 MP: 4/4
   930 | D:3      | Learned a level 2 spell: Passwall
  1064 | D:3      | Found a runed translucent door.
  1065 | D:3      | Noticed Crazy Yiuf
  1429 | D:3      | Noticed Jessica
  1433 | D:3      | Killed Jessica
  1434 | D:3      | Reached XP level 5. HP: 45/45 MP: 5/5
  1626 | D:3      | Found an ancient bone altar of Kikubaaqudgha.
  1628 | D:3      | Noticed a human
  1630 | D:3      | Killed a human
  1659 | D:3      | Reached skill level 4 in Unarmed Combat
  1751 | D:3      | Paralysed by Crazy Yiuf for 3 turns
  1754 | D:3      | HP: 2/45 [Crazy Yiuf (15)]
  1859 | D:3      | Killed Crazy Yiuf
  2014 | D:4      | Noticed an ice beast
  2182 | D:4      | Found Voykaimm's Magic Scroll Emporium.
  2199 | D:4      | Bought a scroll of fear for 38 gold pieces
  2249 | D:4      | Reached skill level 5 in Unarmed Combat
  2249 | D:4      | Reached XP level 6. HP: 30/53 MP: 6/6
  2745 | D:4      | HP: 2/53 [ice beast (13)]
  2783 | D:4      | Killed an ice beast
  2784 | D:4      | Reached skill level 6 in Unarmed Combat
  2784 | D:4      | Reached XP level 7. HP: 51/59 MP: 1/7
  2884 | D:5      | Entered Level 5 of the Dungeon
  3122 | D:5      | Reached skill level 5 in Earth Magic
  3197 | D:5      | Reached skill level 7 in Unarmed Combat
  3489 | D:5      | Reached XP level 8. HP: 61/67 MP: 8/8
  3806 | D:6      | Noticed Eustachio
  3844 | D:6      | Killed Eustachio
  3845 | D:6      | Reached skill level 8 in Unarmed Combat
  3943 | D:6      | Noticed Menkaure
  3953 | D:6      | Killed Menkaure
  3965 | D:6      | Found a staircase to the Ecumenical Temple.
  3981 | D:6      | Reached skill level 9 in Unarmed Combat
  4057 | D:6      | Slain by an unseen horror

Illustrated notes

Levels and vault maps discovered:
D:1:      shiori_arrival_oz, layout_rooms, dreamdust_ecumenical_altar_grove
D:2:      layout_rooms
D:3:      cheibrodos_old_hovel, layout_loops_corners, tgw_kikubaaqudgha,
          uniq_crazy_yiuf_cottage, uniq_jessica
D:4:      layout_gridville, serial_shops, shop, minmay_surrounded
D:5:      layout_loops_ring
D:6:      layout_loops_ring, chequers_temple_overflow_statue_of_worship,
          minmay_temple_entry_wispy, uniq_eustachio, uniq_grinder, uniq_menkaure

Skill      XL: |  1  2  3  4  5  6  7  8 |
---------------+-------------------------+-----
Unarmed Combat | 1 2 3 5 6 7 9 |  9.0
Earth Magic    | 3 4 5 6 |  6.4
Dodging        | |  1.5
Stealth        | |  1.0
Spellcasting   | |  1.2
Transmutations | |  0.6

Action                   |  1- 3 |  4- 6 |  7- 9 || total
-------------------------+-------+-------+-------++-------
Melee: Unarmed           |    89 |   173 |   147 ||   409
       Punch             |       |     2 |     1 ||     3
 Cast: Sandblast         |       |    17 |    11 ||    28
  Use: Scroll            |       |     7 |     1 ||     8
       Potion            |       |       |     1 ||     1
 Stab: Sleeping          |       |     7 |     4 ||    11
       Distracted        |       |     1 |       ||     1
Armor: Robe              |    23 |    62 |    71 ||   156
Dodge: Dodged            |    30 |    93 |    60 ||   183
